[ AOE2 MATCH · #492794096 ]
UnrankedPersians vs Malay
[ REPLAY ANALYSIS · EXTRACTED FROM THE RECORDED GAME ]
Feudal
13:01
Castle
16:26
Imperial
30:03
| APM avg | 27.8 |
| APM peak | 64 |
| eAPM avg | 21.0 |
| Villagers / military | 181 / 213 |
Focus
⚔️ 23.4% · 🌾 76.6%
War Elephant ×186 · Scout Cavalry ×25 · Monk ×2
Feudal
12:40
Castle
15:15
Imperial
28:49
| APM avg | 19.3 |
| APM peak | 43 |
| eAPM avg | 13.7 |
| Villagers / military | 156 / 109 |
Focus
⚔️ 28.3% · 🌾 71.7%
Archer ×77 · Bombard Cannon ×24 · Trebuchet (Packed) ×7 · Trade Cart ×4 · Monk ×1
Feudal
10:49
Castle
17:04
Imperial
34:27
| APM avg | 49.2 |
| APM peak | 122 |
| eAPM avg | 31.7 |
| Villagers / military | 167 / 258 |
Focus
⚔️ 45.2% · 🌾 54.8%
Skirmisher ×182 · Scout Cavalry ×44 · Mameluke ×11 · Bombard Cannon ×8 · Monk ×6 · Trade Cart ×6
Feudal
—
Castle
—
Imperial
—
| APM avg | 0.3 |
| APM peak | 14 |
| eAPM avg | 0.3 |
| Villagers / military | 4 / 0 |
Focus
⚔️ 25.0% · 🌾 75.0%
Feudal
11:43
Castle
14:28
Imperial
36:42
| APM avg | 20.0 |
| APM peak | 69 |
| eAPM avg | 16.9 |
| Villagers / military | 172 / 102 |
Focus
⚔️ 22.3% · 🌾 77.7%
Ballista Elephant ×92 · Trade Cart ×15 · Battering Ram ×5 · Knight ×3 · Mangonel ×2
Feudal
11:37
Castle
15:46
Imperial
31:31
| APM avg | 38.6 |
| APM peak | 124 |
| eAPM avg | 23.4 |
| Villagers / military | 168 / 162 |
Focus
⚔️ 23.1% · 🌾 76.9%
War Elephant ×104 · Knight ×30 · Trade Cart ×23 · Mangonel ×19 · Bombard Cannon ×7 · Monk ×2
Feudal
12:51
Castle
17:17
Imperial
36:35
| APM avg | 44.5 |
| APM peak | 92 |
| eAPM avg | 27.3 |
| Villagers / military | 185 / 186 |
Focus
⚔️ 30.5% · 🌾 69.5%
Elephant Archer ×145 · Mangonel ×21 · Monk ×8 · Trebuchet (Packed) ×6 · Skirmisher ×4 · Armored Elephant ×2
Feudal
—
Castle
—
Imperial
—
| APM avg | 0.0 |
| APM peak | 1 |
| eAPM avg | 0.0 |
| Villagers / military | 0 / 0 |
Match map
Initial resources + every placement click. Lines = walls · curves = elevation contours. ◆ gold · ⬟ stone · ● berries · ✦ relic · ◌ wall gap
Your base· ✓ Closed at 16:26 · 0t walls · no gate
Icomemostlyinpeace's base· ✓ Closed at 15:15 · 12t walls · no gate
CTM | Benja FC's base· ✓ Closed at 17:04 · 31t walls · 1 gate(s)
ObsiDiana's base· ✓ Closed at 12:00 · 0t walls · no gate
CTM | Franco*'s base· ✓ Closed at 14:28 · 14t walls · 1 gate(s)
Maji's base· ✓ Closed at 15:46 · 0t walls · no gate
darkdudu's base· ✓ Closed at 17:17 · 38t walls · no gate
Nenji's base· ✓ Closed at 12:00 · 0t walls · no gate
Smoothed initial terrain · ◌ = detected wall gap · hover for details
Inputs per minute
— PSX | King - - Icomemostlyinpeace
Build order — PSX | King
First 150 of 462 actions detected
| 0:01 | Create | Villager (Male) |
| 0:02 | Create | Villager (Male) |
| 0:03 | Build | House |
| 0:05 | Build | House |
| 0:19 | Create | Villager (Male) |
| 0:20 | Create | Villager (Male) |
| 0:20 | Create | Villager (Male) |
| 0:20 | Create | Villager (Male) |
| 1:36 | Create | Villager (Male) |
| 1:36 | Create | Villager (Male) |
| 1:47 | Create | Villager (Male) |
| 1:47 | Create | Villager (Male) |
| 1:51 | Build | Lumber Camp |
| 2:29 | Create | Villager (Male) |
| 2:29 | Create | Villager (Male) |
| 2:37 | Create | Villager (Male) |
| 2:37 | Create | Villager (Male) |
| 3:05 | Create | Villager (Male) |
| 3:05 | Create | Villager (Male) |
| 3:16 | Build | House |
| 3:18 | Build | House |
| 3:19 | Build | House |
| 3:23 | Build | House |
| 3:23 | Build | House |
| 4:04 | Create | Villager (Male) |
| 4:04 | Create | Villager (Male) |
| 4:05 | Create | Villager (Male) |
| 4:38 | Create | Villager (Male) |
| 4:38 | Create | Villager (Male) |
| 4:39 | Create | Villager (Male) |
| 4:40 | Create | Villager (Male) |
| 4:48 | Build | Mill |
| 5:29 | Create | Villager (Male) |
| 5:29 | Create | Villager (Male) |
| 5:30 | Create | Villager (Male) |
| 5:44 | Build | Mill |
| 6:09 | Create | Villager (Male) |
| 6:09 | Create | Villager (Male) |
| 6:09 | Create | Villager (Male) |
| 6:47 | Create | Villager (Male) |
| 7:19 | Build | Mining Camp |
| 7:47 | Create | Villager (Male) |
| 7:48 | Create | Villager (Male) |
| 7:48 | Create | Villager (Male) |
| 7:48 | Create | Villager (Male) |
| 8:24 | Research | Loom |
| 8:39 | Create | Villager (Male) |
| 8:41 | Create | Villager (Male) |
| 9:19 | Create | Villager (Male) |
| 10:07 | Create | Villager (Male) |
| 10:25 | Create | Villager (Male) |
| 10:43 | Research | Feudal Age |
| 10:45 | Build | Mining Camp |
| 11:09 | Create | Villager (Male) |
| 11:35 | Create | Villager (Male) |
| 11:43 | Build | Farm |
| 11:47 | Build | Farm |
| 11:49 | Build | Farm |
| 11:55 | Build | Farm |
| 12:10 | Build | Farm |
| 12:28 | Build | Farm |
| 13:01 | Age | Feudal Age |
| 13:04 | Build | Market |
| 13:06 | Build | Blacksmith |
| 13:13 | Research | Double-Bit Axe |
| 13:14 | Research | Horse Collar |
| 13:37 | Build | House |
| 13:37 | Build | House |
| 14:00 | Research | Castle Age |
| 14:01 | Research | Castle Age |
| 15:27 | Create | Villager (Male) |
| 16:26 | Age | Castle Age |
| 16:28 | Build | Town Center |
| 16:35 | Build | Town Center |
| 16:37 | Create | Villager (Male) |
| 16:40 | Build | Town Center |
| 16:54 | Build | Farm |
| 17:10 | Create | Villager (Male) |
| 17:12 | Research | Wheelbarrow |
| 17:33 | Create | Villager (Male) |
| 17:34 | Create | Villager (Male) |
| 17:48 | Create | Villager (Male) |
| 17:50 | Create | Villager (Male) |
| 17:50 | Create | Villager (Male) |
| 17:57 | Create | Villager (Male) |
| 18:05 | Build | Farm |
| 18:07 | Create | Villager (Male) |
| 18:10 | Build | Farm |
| 18:14 | Create | Villager (Male) |
| 18:18 | Create | Villager (Male) |
| 18:19 | Create | Villager (Male) |
| 18:19 | Create | Villager (Male) |
| 18:33 | Create | Villager (Male) |
| 18:36 | Build | Farm |
| 18:41 | Build | Farm |
| 18:42 | Create | Villager (Male) |
| 18:42 | Create | Villager (Male) |
| 18:49 | Build | Farm |
| 18:50 | Create | Villager (Male) |
| 18:52 | Build | Farm |
| 19:06 | Research | Bow Saw |
| 19:06 | Research | Bow Saw |
| 19:08 | Create | Villager (Male) |
| 19:08 | Create | Villager (Male) |
| 19:08 | Create | Villager (Male) |
| 19:11 | Build | Farm |
| 19:25 | Create | Villager (Male) |
| 19:26 | Create | Villager (Male) |
| 19:26 | Create | Villager (Male) |
| 19:28 | Build | Farm |
| 19:31 | Build | Farm |
| 19:34 | Build | Farm |
| 19:36 | Create | Villager (Male) |
| 19:37 | Create | Villager (Male) |
| 19:37 | Create | Villager (Male) |
| 19:39 | Build | Farm |
| 19:46 | Build | Farm |
| 19:51 | Build | House |
| 19:52 | Build | House |
| 19:53 | Build | House |
| 19:56 | Create | Villager (Male) |
| 19:56 | Create | Villager (Male) |
| 20:00 | Build | Farm |
| 20:10 | Build | Farm |
| 20:10 | Create | Villager (Male) |
| 20:16 | Build | Farm |
| 20:18 | Build | Farm |
| 20:27 | Research | Town Watch |
| 20:29 | Create | Villager (Male) |
| 20:30 | Create | Villager (Male) |
| 20:30 | Create | Villager (Male) |
| 20:33 | Build | Farm |
| 20:35 | Create | Villager (Male) |
| 20:37 | Build | Farm |
| 20:39 | Build | Farm |
| 20:44 | Create | Villager (Male) |
| 20:44 | Create | Villager (Male) |
| 20:44 | Create | Villager (Male) |
| 20:49 | Build | Farm |
| 20:53 | Build | Farm |
| 20:57 | Build | Farm |
| 21:01 | Build | House |
| 21:02 | Build | House |
| 21:08 | Create | Villager (Male) |
| 21:09 | Create | Villager (Male) |
| 21:09 | Create | Villager (Male) |
| 21:16 | Create | Villager (Male) |
| 21:16 | Create | Villager (Male) |
| 21:16 | Create | Villager (Male) |
| 21:19 | Build | Farm |
Build order — Icomemostlyinpeace
First 150 of 404 actions detected
| 0:02 | Create | Villager (Male) |
| 0:02 | Create | Villager (Male) |
| 0:02 | Create | Villager (Male) |
| 0:03 | Create | Villager (Male) |
| 0:03 | Create | Villager (Male) |
| 0:05 | Build | House |
| 0:06 | Build | House |
| 1:37 | Create | Villager (Male) |
| 1:37 | Create | Villager (Male) |
| 1:52 | Build | Lumber Camp |
| 1:56 | Create | Villager (Male) |
| 1:57 | Create | Villager (Male) |
| 1:57 | Create | Villager (Male) |
| 2:05 | Build | Palisade Wall |
| 2:32 | Create | Villager (Male) |
| 2:32 | Create | Villager (Male) |
| 2:59 | Create | Villager (Male) |
| 2:59 | Create | Villager (Male) |
| 3:11 | Build | House |
| 3:25 | Create | Villager (Male) |
| 3:25 | Create | Villager (Male) |
| 3:55 | Create | Villager (Male) |
| 3:55 | Create | Villager (Male) |
| 4:25 | Research | Loom |
| 4:36 | Build | Mill |
| 4:53 | Build | House |
| 5:07 | Create | Villager (Male) |
| 5:07 | Create | Villager (Male) |
| 5:08 | Create | Villager (Male) |
| 5:31 | Build | House |
| 5:51 | Create | Villager (Male) |
| 5:51 | Create | Villager (Male) |
| 5:51 | Create | Villager (Male) |
| 5:52 | Create | Villager (Male) |
| 6:20 | Build | House |
| 6:21 | Create | Villager (Male) |
| 6:21 | Create | Villager (Male) |
| 6:22 | Create | Villager (Male) |
| 6:55 | Create | Villager (Male) |
| 6:55 | Create | Villager (Male) |
| 7:18 | Create | Villager (Male) |
| 7:19 | Create | Villager (Male) |
| 8:17 | Create | Villager (Male) |
| 9:05 | Create | Villager (Male) |
| 9:19 | Build | Mining Camp |
| 9:29 | Create | Villager (Male) |
| 9:30 | Create | Villager (Male) |
| 10:44 | Research | Feudal Age |
| 10:51 | Create | Villager (Male) |
| 10:53 | Research | Feudal Age |
| 11:30 | Build | Mining Camp |
| 12:07 | Build | Mill |
| 12:22 | Create | Villager (Male) |
| 12:22 | Create | Villager (Male) |
| 12:40 | Age | Feudal Age |
| 12:47 | Build | Market |
| 12:56 | Build | Blacksmith |
| 13:39 | Research | Castle Age |
| 13:50 | Build | House |
| 13:52 | Build | House |
| 13:58 | Research | Double-Bit Axe |
| 14:54 | Create | Villager (Male) |
| 14:59 | Research | Horse Collar |
| 15:01 | Research | Stone Mining |
| 15:15 | Age | Castle Age |
| 15:58 | Build | Castle |
| 16:10 | Create | Villager (Male) |
| 16:10 | Create | Villager (Male) |
| 16:26 | Research | Bow Saw |
| 16:57 | Create | Villager (Male) |
| 17:22 | Build | Town Center |
| 17:37 | Create | Villager (Male) |
| 17:41 | Build | Farm |
| 17:45 | Create | Villager (Male) |
| 17:47 | Build | Farm |
| 18:15 | Build | Farm |
| 18:23 | Build | Farm |
| 18:30 | Build | Farm |
| 18:45 | Create | Villager (Male) |
| 18:45 | Create | Villager (Male) |
| 19:04 | Build | Town Center |
| 19:06 | Create | Villager (Male) |
| 19:06 | Create | Villager (Male) |
| 19:20 | Build | Farm |
| 19:22 | Build | Farm |
| 19:23 | Build | Farm |
| 19:37 | Create | Villager (Male) |
| 19:37 | Create | Villager (Male) |
| 19:37 | Create | Villager (Male) |
| 19:44 | Build | Farm |
| 20:11 | Create | Villager (Male) |
| 20:11 | Create | Villager (Male) |
| 20:14 | Build | Farm |
| 20:17 | Build | Farm |
| 20:18 | Build | Farm |
| 20:43 | Build | Farm |
| 20:44 | Build | Farm |
| 20:45 | Build | Farm |
| 20:47 | Create | Villager (Male) |
| 20:47 | Create | Villager (Male) |
| 20:47 | Create | Villager (Male) |
| 20:54 | Build | Farm |
| 20:55 | Build | Farm |
| 20:55 | Build | Farm |
| 20:55 | Build | Farm |
| 20:56 | Build | Farm |
| 20:56 | Build | Farm |
| 20:56 | Build | Farm |
| 20:56 | Build | Farm |
| 20:56 | Build | Farm |
| 20:56 | Build | Farm |
| 21:04 | Create | Villager (Male) |
| 21:04 | Create | Villager (Male) |
| 21:25 | Build | Farm |
| 21:27 | Create | Villager (Male) |
| 21:28 | Create | Villager (Male) |
| 21:31 | Build | Farm |
| 21:37 | Build | Farm |
| 21:41 | Build | Farm |
| 22:07 | Create | Villager (Male) |
| 22:08 | Create | Villager (Male) |
| 22:08 | Create | Villager (Male) |
| 22:22 | Research | Wheelbarrow |
| 22:33 | Build | Farm |
| 22:38 | Build | Farm |
| 22:39 | Create | Villager (Male) |
| 22:40 | Create | Villager (Male) |
| 22:40 | Create | Villager (Male) |
| 22:44 | Build | Farm |
| 22:47 | Build | Farm |
| 22:57 | Build | Farm |
| 22:58 | Create | Villager (Male) |
| 22:58 | Create | Villager (Male) |
| 22:59 | Create | Villager (Male) |
| 23:12 | Create | Villager (Male) |
| 23:12 | Create | Villager (Male) |
| 23:13 | Create | Villager (Male) |
| 23:22 | Build | Farm |
| 23:29 | Research | Heavy Plow |
| 23:45 | Build | Farm |
| 23:47 | Create | Villager (Male) |
| 23:47 | Create | Villager (Male) |
| 23:47 | Create | Villager (Male) |
| 23:53 | Build | Farm |
| 23:56 | Create | Villager (Male) |
| 24:11 | Create | Villager (Male) |
| 24:12 | Create | Villager (Male) |
| 24:25 | Build | Barracks |
| 24:27 | Create | Villager (Male) |
| 24:27 | Create | Villager (Male) |
Build order — CTM | Benja FC
First 150 of 627 actions detected
| 0:02 | Create | Villager (Male) |
| 0:03 | Build | House |
| 0:04 | Build | House |
| 0:14 | Create | Villager (Male) |
| 0:14 | Create | Villager (Male) |
| 0:21 | Create | Villager (Male) |
| 0:55 | Research | Loom |
| 0:58 | Create | Villager (Male) |
| 1:06 | Build | Palisade Wall |
| 1:42 | Create | Villager (Male) |
| 1:42 | Create | Villager (Male) |
| 2:15 | Build | Mill |
| 2:16 | Create | Villager (Male) |
| 2:33 | Create | Villager (Male) |
| 3:08 | Create | Villager (Male) |
| 3:08 | Create | Villager (Male) |
| 3:38 | Create | Villager (Male) |
| 3:48 | Build | House |
| 3:49 | Build | House |
| 4:07 | Create | Villager (Male) |
| 4:28 | Build | Lumber Camp |
| 4:36 | Create | Villager (Male) |
| 4:59 | Create | Villager (Male) |
| 4:59 | Create | Villager (Male) |
| 5:16 | Build | Palisade Wall |
| 5:28 | Create | Villager (Male) |
| 5:44 | Build | Palisade Wall |
| 5:47 | Create | Villager (Male) |
| 5:50 | Create | Villager (Male) |
| 6:42 | Build | Mill |
| 7:24 | Create | Villager (Male) |
| 7:27 | Create | Villager (Male) |
| 7:42 | Create | Villager (Male) |
| 8:28 | Research | Feudal Age |
| 8:45 | Build | Mining Camp |
| 10:17 | Create | Villager (Male) |
| 10:39 | Build | Barracks |
| 10:44 | Create | Villager (Male) |
| 10:49 | Age | Feudal Age |
| 10:51 | Build | Market |
| 10:56 | Build | Stone Wall |
| 10:59 | Build | Stone Wall |
| 11:09 | Create | Villager (Male) |
| 11:16 | Build | House |
| 11:33 | Create | Villager (Male) |
| 11:41 | Build | Blacksmith |
| 11:56 | Build | Stone Wall |
| 11:58 | Build | Gate |
| 12:18 | Create | Villager (Male) |
| 12:44 | Create | Villager (Male) |
| 12:55 | Build | Mining Camp |
| 13:04 | Build | House |
| 13:14 | Build | Farm |
| 13:14 | Build | Farm |
| 13:14 | Build | Farm |
| 13:19 | Create | Villager (Male) |
| 13:23 | Build | Lumber Camp |
| 13:43 | Create | Villager (Male) |
| 14:24 | Research | Castle Age |
| 14:50 | Build | Stone Wall |
| 15:30 | Research | Horse Collar |
| 15:34 | Research | Double-Bit Axe |
| 15:50 | Build | House |
| 16:09 | Research | Gold Mining |
| 16:35 | Build | Stone Wall |
| 16:45 | Create | Villager (Male) |
| 16:59 | Create | Villager (Male) |
| 17:04 | Age | Castle Age |
| 17:30 | Build | Castle |
| 17:35 | Build | Lumber Camp |
| 17:41 | Create | Villager (Male) |
| 17:58 | Build | Farm |
| 18:00 | Create | Villager (Male) |
| 18:15 | Create | Villager (Male) |
| 18:21 | Build | Town Center |
| 18:24 | Create | Villager (Male) |
| 18:31 | Create | Villager (Male) |
| 18:32 | Build | Farm |
| 18:47 | Build | Farm |
| 19:09 | Build | Farm |
| 19:13 | Build | Farm |
| 19:18 | Build | Farm |
| 19:18 | Create | Villager (Male) |
| 19:33 | Create | Villager (Male) |
| 19:37 | Create | Villager (Male) |
| 19:43 | Create | Villager (Male) |
| 19:56 | Build | Siege Workshop |
| 20:00 | Create | Villager (Male) |
| 20:06 | Create | Villager (Male) |
| 20:19 | Create | Villager (Male) |
| 20:30 | Create | Mangonel |
| 20:36 | Build | Farm |
| 20:46 | Build | Farm |
| 21:02 | Create | Petard |
| 21:05 | Create | Villager (Male) |
| 21:18 | Build | Farm |
| 21:18 | Build | Farm |
| 21:18 | Build | Farm |
| 21:18 | Build | Farm |
| 21:19 | Build | Farm |
| 21:25 | Create | Petard |
| 21:33 | Create | Villager (Male) |
| 21:53 | Build | Town Center |
| 21:54 | Create | Villager (Male) |
| 22:02 | Create | Villager (Male) |
| 22:17 | Create | Villager (Male) |
| 22:23 | Build | Farm |
| 22:24 | Create | Villager (Male) |
| 22:25 | Create | Villager (Male) |
| 22:31 | Create | Villager (Male) |
| 22:32 | Create | Villager (Male) |
| 22:43 | Create | Villager (Male) |
| 22:56 | Build | Monastery |
| 22:59 | Create | Villager (Male) |
| 23:02 | Build | Farm |
| 23:02 | Build | Farm |
| 23:03 | Build | Farm |
| 23:03 | Build | Farm |
| 23:03 | Build | Farm |
| 23:03 | Build | Farm |
| 23:04 | Create | Villager (Male) |
| 23:28 | Create | Villager (Male) |
| 23:30 | Build | Farm |
| 23:36 | Research | Fletching |
| 23:37 | Create | Monk |
| 23:44 | Create | Villager (Male) |
| 23:50 | Create | Monk |
| 23:51 | Research | Sanctity |
| 23:53 | Create | Villager (Male) |
| 23:54 | Create | Villager (Male) |
| 24:03 | Build | Town Center |
| 24:07 | Create | Villager (Male) |
| 24:13 | Create | Villager (Male) |
| 24:25 | Create | Villager (Male) |
| 24:33 | Create | Villager (Male) |
| 24:37 | Create | Villager (Male) |
| 24:41 | Create | Mameluke |
| 24:46 | Create | Villager (Male) |
| 24:50 | Build | Farm |
| 24:52 | Build | Farm |
| 24:53 | Create | Villager (Male) |
| 25:02 | Build | House |
| 25:03 | Build | House |
| 25:10 | Build | House |
| 25:11 | Build | House |
| 25:27 | Create | Villager (Male) |
| 25:29 | Create | Mangonel |
| 25:30 | Create | Villager (Male) |
| 25:32 | Create | Villager (Male) |
| 25:34 | Build | Farm |
Build order — ObsiDiana
6 actions detected in the replay
| 0:01 | Create | Villager (Male) |
| 0:01 | Create | Villager (Male) |
| 0:02 | Build | House |
| 0:03 | Create | Villager (Male) |
| 0:04 | Build | House |
| 0:04 | Create | Villager (Male) |
Build order — CTM | Franco*
First 150 of 398 actions detected
| 0:03 | Research | Loom |
| 0:06 | Build | House |
| 0:08 | Build | House |
| 0:41 | Build | Palisade Wall |
| 0:44 | Build | Palisade Gate |
| 0:45 | Create | Villager (Male) |
| 0:45 | Create | Villager (Male) |
| 0:46 | Create | Villager (Male) |
| 0:46 | Create | Villager (Male) |
| 2:14 | Build | House |
| 2:18 | Build | House |
| 2:37 | Create | Villager (Male) |
| 2:37 | Create | Villager (Male) |
| 2:38 | Create | Villager (Male) |
| 2:46 | Build | House |
| 2:49 | Build | Palisade Wall |
| 3:12 | Create | Villager (Male) |
| 3:12 | Create | Villager (Male) |
| 3:45 | Create | Villager (Male) |
| 3:46 | Create | Villager (Male) |
| 4:27 | Create | Villager (Male) |
| 4:28 | Create | Villager (Male) |
| 4:57 | Create | Villager (Male) |
| 4:58 | Create | Villager (Male) |
| 4:58 | Create | Villager (Male) |
| 5:31 | Create | Villager (Male) |
| 5:32 | Create | Villager (Male) |
| 5:32 | Create | Villager (Male) |
| 6:22 | Create | Villager (Male) |
| 6:23 | Create | Villager (Male) |
| 6:44 | Create | Villager (Male) |
| 6:44 | Create | Villager (Male) |
| 7:14 | Create | Villager (Male) |
| 7:15 | Create | Villager (Male) |
| 7:58 | Create | Villager (Male) |
| 8:25 | Create | Villager (Male) |
| 8:57 | Create | Villager (Male) |
| 9:00 | Build | Mining Camp |
| 9:17 | Research | Feudal Age |
| 11:16 | Build | Lumber Camp |
| 11:43 | Age | Feudal Age |
| 11:48 | Research | Castle Age |
| 13:06 | Build | Mill |
| 13:44 | Research | Double-Bit Axe |
| 14:01 | Build | Stable |
| 14:12 | Build | House |
| 14:15 | Create | Villager (Male) |
| 14:15 | Create | Villager (Male) |
| 14:28 | Age | Castle Age |
| 14:38 | Create | Villager (Male) |
| 14:58 | Create | Knight |
| 14:59 | Create | Knight |
| 14:59 | Create | Knight |
| 15:17 | Create | Villager (Male) |
| 15:35 | Create | Villager (Male) |
| 15:43 | Build | Town Center |
| 16:07 | Build | Stone Wall |
| 16:10 | Build | Gate |
| 16:20 | Create | Villager (Male) |
| 16:51 | Build | Farm |
| 16:52 | Build | Farm |
| 16:55 | Create | Villager (Male) |
| 17:08 | Create | Villager (Male) |
| 17:19 | Build | Mining Camp |
| 17:30 | Build | Farm |
| 17:32 | Create | Villager (Male) |
| 17:46 | Create | Villager (Male) |
| 18:05 | Create | Villager (Male) |
| 18:20 | Build | Stone Wall |
| 18:28 | Build | Siege Workshop |
| 18:29 | Create | Villager (Male) |
| 18:29 | Create | Villager (Male) |
| 18:41 | Create | Villager (Male) |
| 18:41 | Create | Villager (Male) |
| 19:05 | Build | Gate |
| 19:09 | Create | Villager (Male) |
| 19:16 | Build | Farm |
| 19:17 | Build | Farm |
| 19:25 | Create | Mangonel |
| 19:26 | Create | Mangonel |
| 19:40 | Create | Villager (Male) |
| 20:03 | Create | Villager (Male) |
| 20:13 | Build | House |
| 20:14 | Build | House |
| 20:15 | Build | House |
| 20:19 | Create | Villager (Male) |
| 20:28 | Build | House |
| 20:30 | Build | House |
| 20:38 | Create | Villager (Male) |
| 20:51 | Build | Town Center |
| 20:55 | Create | Villager (Male) |
| 21:10 | Build | Stone Wall |
| 21:14 | Build | Gate |
| 21:22 | Build | Farm |
| 21:25 | Build | Farm |
| 21:27 | Build | Farm |
| 21:33 | Build | House |
| 21:34 | Build | House |
| 21:36 | Build | House |
| 21:37 | Create | Villager (Male) |
| 21:41 | Create | Villager (Male) |
| 21:41 | Create | Villager (Male) |
| 21:56 | Build | Farm |
| 22:08 | Build | Outpost |
| 22:09 | Build | Outpost |
| 22:12 | Build | Outpost |
| 22:13 | Build | Outpost |
| 22:14 | Create | Villager (Male) |
| 22:14 | Create | Villager (Male) |
| 22:18 | Create | Villager (Male) |
| 22:20 | Build | Farm |
| 22:35 | Create | Villager (Male) |
| 22:41 | Create | Villager (Male) |
| 22:52 | Build | Farm |
| 23:09 | Create | Villager (Male) |
| 23:10 | Create | Villager (Male) |
| 23:10 | Create | Villager (Male) |
| 23:16 | Build | Farm |
| 23:18 | Create | Villager (Male) |
| 23:31 | Build | Town Center |
| 23:34 | Create | Villager (Male) |
| 23:44 | Build | House |
| 23:45 | Build | House |
| 23:47 | Build | House |
| 23:47 | Create | Villager (Male) |
| 23:48 | Create | Villager (Male) |
| 23:52 | Build | Farm |
| 24:01 | Create | Villager (Male) |
| 24:03 | Create | Villager (Male) |
| 24:03 | Create | Villager (Male) |
| 24:06 | Build | Farm |
| 24:07 | Build | Farm |
| 24:08 | Build | Farm |
| 24:14 | Build | Farm |
| 24:17 | Build | Farm |
| 24:21 | Build | Farm |
| 24:23 | Create | Villager (Male) |
| 24:24 | Create | Villager (Male) |
| 24:33 | Create | Villager (Male) |
| 24:34 | Create | Villager (Male) |
| 24:44 | Build | Farm |
| 24:46 | Create | Villager (Male) |
| 24:51 | Create | Villager (Male) |
| 24:51 | Create | Villager (Male) |
| 25:11 | Build | Farm |
| 25:14 | Create | Villager (Male) |
| 25:15 | Create | Villager (Male) |
| 25:20 | Create | Villager (Male) |
| 25:22 | Create | Villager (Male) |
| 25:25 | Create | Villager (Male) |
Build order — Maji
First 150 of 507 actions detected
| 0:01 | Create | Villager (Male) |
| 0:02 | Create | Villager (Male) |
| 0:02 | Create | Villager (Male) |
| 0:02 | Create | Villager (Male) |
| 0:04 | Build | House |
| 0:05 | Build | House |
| 0:19 | Create | Villager (Male) |
| 0:20 | Create | Villager (Male) |
| 1:13 | Create | Villager (Male) |
| 1:14 | Create | Villager (Male) |
| 1:59 | Create | Villager (Male) |
| 1:59 | Create | Villager (Male) |
| 2:07 | Build | Lumber Camp |
| 2:15 | Create | Villager (Male) |
| 2:16 | Create | Villager (Male) |
| 2:51 | Create | Villager (Male) |
| 2:51 | Create | Villager (Male) |
| 3:32 | Create | Villager (Male) |
| 3:32 | Create | Villager (Male) |
| 3:32 | Create | Villager (Male) |
| 3:39 | Build | House |
| 3:51 | Create | Villager (Male) |
| 3:51 | Create | Villager (Male) |
| 3:51 | Create | Villager (Male) |
| 4:05 | Build | Mill |
| 4:34 | Create | Villager (Male) |
| 4:56 | Create | Villager (Male) |
| 5:33 | Create | Villager (Male) |
| 5:39 | Build | House |
| 6:14 | Create | Villager (Male) |
| 6:14 | Create | Villager (Male) |
| 6:35 | Create | Villager (Male) |
| 6:46 | Create | Villager (Male) |
| 6:51 | Research | Loom |
| 6:52 | Create | Villager (Male) |
| 6:52 | Create | Villager (Male) |
| 7:39 | Create | Villager (Male) |
| 8:01 | Build | House |
| 8:19 | Create | Villager (Male) |
| 8:26 | Build | Mining Camp |
| 8:38 | Create | Villager (Male) |
| 9:01 | Create | Villager (Male) |
| 9:19 | Build | House |
| 9:33 | Research | Feudal Age |
| 9:47 | Build | House |
| 9:57 | Build | Barracks |
| 11:14 | Create | Villager (Male) |
| 11:15 | Create | Villager (Male) |
| 11:37 | Age | Feudal Age |
| 11:44 | Build | Stable |
| 11:48 | Build | Blacksmith |
| 12:16 | Create | Villager (Male) |
| 12:58 | Create | Villager (Male) |
| 12:59 | Research | Castle Age |
| 13:03 | Build | Stable |
| 14:46 | Create | Villager (Male) |
| 14:46 | Create | Villager (Male) |
| 14:46 | Create | Villager (Male) |
| 15:28 | Create | Villager (Male) |
| 15:33 | Build | House |
| 15:35 | Build | House |
| 15:41 | Research | Bloodlines |
| 15:44 | Create | Villager (Male) |
| 15:46 | Age | Castle Age |
| 15:48 | Create | Villager (Male) |
| 15:51 | Research | Double-Bit Axe |
| 15:58 | Build | Town Center |
| 16:01 | Create | Villager (Male) |
| 16:20 | Create | Knight |
| 16:20 | Create | Knight |
| 16:20 | Create | Knight |
| 16:21 | Research | Forging |
| 16:22 | Research | Forging |
| 16:32 | Create | Villager (Male) |
| 16:35 | Build | Stable |
| 16:43 | Create | Knight |
| 16:43 | Create | Knight |
| 16:43 | Create | Knight |
| 16:45 | Create | Villager (Male) |
| 17:25 | Create | Villager (Male) |
| 17:25 | Create | Villager (Male) |
| 17:46 | Build | Farm |
| 17:49 | Build | Farm |
| 17:50 | Create | Villager (Male) |
| 18:00 | Create | Knight ×2 |
| 18:00 | Create | Knight |
| 18:01 | Create | Knight |
| 18:05 | Build | Farm |
| 18:07 | Build | Farm |
| 18:09 | Create | Villager (Male) |
| 18:26 | Build | Farm |
| 18:35 | Create | Villager (Male) |
| 18:37 | Build | House |
| 18:39 | Build | House |
| 18:40 | Build | House |
| 18:44 | Research | Scale Barding Armor |
| 18:47 | Create | Knight |
| 18:48 | Create | Knight |
| 18:52 | Build | Farm |
| 18:54 | Create | Villager (Male) |
| 18:54 | Create | Villager (Male) |
| 19:28 | Create | Villager (Male) |
| 19:30 | Build | Farm |
| 19:32 | Build | Farm |
| 19:34 | Build | Farm |
| 19:48 | Build | Town Center |
| 19:52 | Create | Villager (Male) |
| 19:56 | Create | Knight |
| 19:56 | Create | Knight |
| 19:56 | Create | Knight |
| 19:56 | Create | Knight |
| 19:59 | Create | Villager (Male) |
| 19:59 | Create | Villager (Male) |
| 20:21 | Build | Farm |
| 20:23 | Build | Farm |
| 20:31 | Build | Farm |
| 20:33 | Create | Villager (Male) |
| 20:33 | Create | Villager (Male) |
| 20:37 | Build | Farm |
| 20:37 | Build | Farm |
| 20:38 | Build | Farm |
| 20:38 | Build | Farm |
| 20:38 | Build | Farm |
| 20:44 | Create | Villager (Male) |
| 20:45 | Create | Villager (Male) |
| 20:58 | Build | Farm |
| 21:13 | Build | Farm |
| 21:14 | Create | Villager (Male) |
| 21:14 | Create | Villager (Male) |
| 21:16 | Build | House |
| 21:18 | Build | House |
| 21:19 | Build | House |
| 21:33 | Create | Villager (Male) |
| 21:33 | Create | Villager (Male) |
| 21:37 | Build | Farm |
| 21:39 | Build | Farm |
| 21:43 | Build | Farm |
| 21:44 | Create | Villager (Male) |
| 21:45 | Create | Villager (Male) |
| 21:49 | Create | Villager (Male) |
| 21:49 | Create | Villager (Male) |
| 22:06 | Build | Monastery |
| 22:07 | Create | Villager (Male) |
| 22:07 | Create | Villager (Male) |
| 22:19 | Build | Market |
| 22:21 | Create | Villager (Male) |
| 22:22 | Create | Villager (Male) |
| 22:23 | Build | Farm |
| 22:30 | Build | House |
| 22:32 | Build | House |
Build order — darkdudu
First 150 of 595 actions detected
| 0:02 | Create | Villager (Male) |
| 0:02 | Create | Villager (Male) |
| 0:02 | Create | Villager (Male) |
| 0:02 | Create | Villager (Male) |
| 0:02 | Create | Villager (Male) |
| 0:03 | Create | Villager (Male) |
| 0:04 | Build | House |
| 0:05 | Build | House |
| 0:24 | Research | Loom |
| 0:24 | Research | Loom |
| 0:36 | Create | Villager (Male) |
| 0:36 | Create | Villager (Male) |
| 0:36 | Create | Villager (Male) |
| 0:50 | Build | Palisade Wall |
| 0:50 | Build | Palisade Wall |
| 0:52 | Build | Palisade Wall |
| 1:54 | Create | Villager (Male) |
| 1:54 | Create | Villager (Male) |
| 2:22 | Build | Palisade Wall |
| 2:29 | Create | Villager (Male) |
| 2:57 | Create | Villager (Male) |
| 2:57 | Create | Villager (Male) |
| 3:05 | Create | Villager (Male) |
| 3:05 | Create | Villager (Male) |
| 3:05 | Create | Villager (Male) |
| 3:28 | Create | Villager (Male) |
| 3:28 | Create | Villager (Male) |
| 4:07 | Create | Villager (Male) |
| 4:07 | Create | Villager (Male) |
| 4:07 | Create | Villager (Male) |
| 4:42 | Create | Villager (Male) |
| 4:42 | Create | Villager (Male) |
| 4:42 | Create | Villager (Male) |
| 4:55 | Build | House |
| 5:18 | Create | Villager (Male) |
| 5:18 | Create | Villager (Male) |
| 5:20 | Create | Villager (Male) |
| 5:20 | Create | Villager (Male) |
| 5:38 | Build | Lumber Camp |
| 6:38 | Build | House |
| 7:21 | Create | Villager (Male) |
| 7:21 | Create | Villager (Male) |
| 7:43 | Create | Villager (Male) |
| 7:43 | Create | Villager (Male) |
| 7:43 | Create | Villager (Male) |
| 7:57 | Build | Mill |
| 7:57 | Create | Villager (Male) |
| 7:58 | Create | Villager (Male) |
| 8:25 | Build | House |
| 9:00 | Create | Villager (Male) |
| 10:16 | Build | Mining Camp |
| 10:20 | Research | Feudal Age |
| 10:20 | Research | Feudal Age |
| 10:20 | Research | Feudal Age |
| 12:12 | Create | Villager (Male) |
| 12:13 | Create | Villager (Male) |
| 12:13 | Create | Villager (Male) |
| 12:51 | Age | Feudal Age |
| 12:53 | Build | Market |
| 12:56 | Build | Blacksmith |
| 13:00 | Build | Mining Camp |
| 13:14 | Research | Double-Bit Axe |
| 13:14 | Research | Double-Bit Axe |
| 13:14 | Research | Double-Bit Axe |
| 13:14 | Research | Double-Bit Axe |
| 13:29 | Build | House |
| 14:16 | Build | Stone Wall |
| 14:26 | Research | Castle Age |
| 14:26 | Research | Castle Age |
| 14:26 | Research | Castle Age |
| 15:49 | Research | Horse Collar |
| 15:49 | Research | Horse Collar |
| 16:27 | Build | Stone Wall |
| 16:29 | Build | Stone Wall |
| 16:33 | Create | Villager (Male) |
| 16:33 | Create | Villager (Male) |
| 17:06 | Build | House |
| 17:17 | Age | Castle Age |
| 17:22 | Build | Town Center |
| 17:34 | Build | Town Center |
| 17:49 | Build | Town Center |
| 17:51 | Create | Villager (Male) |
| 17:54 | Create | Villager (Male) |
| 18:06 | Build | Monastery |
| 18:16 | Create | Villager (Male) |
| 18:22 | Create | Villager (Male) |
| 18:43 | Build | Monastery |
| 19:00 | Create | Villager (Male) |
| 19:00 | Create | Villager (Male) |
| 19:11 | Create | Villager (Male) |
| 19:11 | Create | Villager (Male) |
| 19:14 | Build | Siege Workshop |
| 19:17 | Create | Villager (Male) |
| 19:18 | Create | Villager (Male) |
| 19:40 | Build | House |
| 19:40 | Build | House |
| 19:41 | Build | House |
| 19:42 | Build | House |
| 19:48 | Create | Monk |
| 19:49 | Create | Monk |
| 20:03 | Create | Villager (Male) |
| 20:03 | Create | Villager (Male) |
| 20:09 | Create | Villager (Male) |
| 20:17 | Build | House |
| 20:17 | Build | House |
| 20:18 | Build | House |
| 20:22 | Create | Mangonel |
| 20:29 | Create | Villager (Male) |
| 20:29 | Create | Villager (Male) |
| 20:31 | Build | Farm |
| 20:32 | Build | Farm |
| 20:42 | Create | Villager (Male) |
| 20:43 | Create | Villager (Male) |
| 20:44 | Create | Villager (Male) |
| 20:44 | Create | Villager (Male) |
| 20:48 | Build | Farm |
| 20:49 | Build | Farm |
| 20:59 | Create | Monk |
| 20:59 | Create | Monk |
| 21:06 | Build | Farm |
| 21:07 | Build | Farm |
| 21:08 | Create | Villager (Male) |
| 21:08 | Create | Villager (Male) |
| 21:18 | Build | Farm |
| 21:20 | Build | Farm |
| 21:32 | Create | Monk |
| 21:32 | Create | Monk |
| 21:34 | Create | Villager (Male) |
| 21:35 | Create | Villager (Male) |
| 21:40 | Build | Farm |
| 22:03 | Build | Farm |
| 22:05 | Build | Farm |
| 22:05 | Create | Villager (Male) |
| 22:06 | Create | Villager (Male) |
| 22:06 | Create | Villager (Male) |
| 22:08 | Build | Farm |
| 22:14 | Build | Farm |
| 22:15 | Build | Farm |
| 22:22 | Build | Farm |
| 22:23 | Build | Farm |
| 22:24 | Build | Farm |
| 22:26 | Create | Villager (Male) |
| 22:26 | Create | Villager (Male) |
| 22:40 | Create | Villager (Male) |
| 22:41 | Create | Villager (Male) |
| 22:41 | Create | Villager (Male) |
| 22:42 | Create | Monk |
| 22:42 | Create | Monk |
| 22:48 | Create | Villager (Male) |
| 22:48 | Create | Villager (Male) |
Build order — Nenji
0 actions detected in the replay
Match timeline
| 0:08 | Nenji · resign |
| 0:41 | CTM | Franco* · wall_segment Palisade Wall x13 |
| 0:50 | darkdudu · wall_segment Palisade Wall x10 |
| 0:50 | darkdudu · wall_segment Palisade Wall x1 |
| 0:52 | darkdudu · wall_segment Palisade Wall x1 |
| 1:06 | CTM | Benja FC · wall_segment Palisade Wall x8 |
| 2:05 | Icomemostlyinpeace · wall_segment Palisade Wall x12 |
| 2:22 | darkdudu · wall_segment Palisade Wall x1 |
| 2:49 | CTM | Franco* · wall_segment Palisade Wall x1 |
| 5:16 | CTM | Benja FC · wall_segment Palisade Wall x4 |
| 5:44 | CTM | Benja FC · wall_segment Palisade Wall x9 |
| 9:57 | Maji · first_building Barracks |
| 10:39 | CTM | Benja FC · first_building Barracks |
| 10:49 | CTM | Benja FC · age_up feudal |
| 10:56 | CTM | Benja FC · wall_segment Stone Wall x4 |
| 10:59 | CTM | Benja FC · wall_segment Stone Wall x1 |
| 11:37 | Maji · age_up feudal |
| 11:43 | CTM | Franco* · age_up feudal |
| 11:44 | Maji · first_building Stable |
| 11:56 | CTM | Benja FC · wall_segment Stone Wall x10 |
| 12:40 | Icomemostlyinpeace · age_up feudal |
| 12:51 | darkdudu · age_up feudal |
| 13:01 | PSX | King · age_up feudal |
| 14:01 | CTM | Franco* · first_building Stable |
| 14:15 | CTM | Benja FC · first_market_buy 100 food |
| 14:16 | darkdudu · wall_segment Stone Wall x12 |
| 14:17 | CTM | Benja FC · first_market_sell 100 wood |
| 14:28 | CTM | Franco* · age_up castle |
| 14:40 | PSX | King · first_market_buy 100 wood |
| 14:50 | CTM | Benja FC · wall_segment Stone Wall x1 |
| 15:15 | Icomemostlyinpeace · age_up castle |
| 15:38 | Icomemostlyinpeace · first_market_sell 100 wood |
| 15:46 | Maji · age_up castle |
| 15:50 | Icomemostlyinpeace · first_market_buy 100 stone |
| 15:58 | Icomemostlyinpeace · first_building Castle |
| 16:07 | CTM | Franco* · wall_segment Stone Wall x11 |
| 16:26 | PSX | King · age_up castle |
| 16:27 | darkdudu · wall_segment Stone Wall x10 |
| 16:29 | darkdudu · wall_segment Stone Wall x6 |
| 16:35 | CTM | Benja FC · wall_segment Stone Wall x6 |
| 17:04 | CTM | Benja FC · age_up castle |
| 17:11 | darkdudu · first_market_buy 100 stone |
| 17:17 | darkdudu · age_up castle |
| 17:30 | CTM | Benja FC · first_building Castle |
| 17:57 | darkdudu · first_market_sell 100 food |
| 18:06 | darkdudu · first_building Monastery |
| 18:20 | CTM | Franco* · wall_segment Stone Wall x10 |
| 18:28 | CTM | Franco* · first_building Siege Workshop |
| 19:14 | darkdudu · first_building Siege Workshop |
| 19:56 | CTM | Benja FC · first_building Siege Workshop |
| 21:10 | CTM | Franco* · wall_segment Stone Wall x12 |
| 22:06 | Maji · first_building Monastery |
| 22:39 | PSX | King · first_building Monastery |
| 22:56 | CTM | Benja FC · first_building Monastery |
| 23:04 | PSX | King · first_building Castle |
| 23:32 | Maji · first_market_buy 100 food |
| 24:25 | Icomemostlyinpeace · first_building Barracks |
| 25:59 | Icomemostlyinpeace · first_building Archery Range |
| 26:37 | Icomemostlyinpeace · first_building Siege Workshop |
| 26:37 | darkdudu · first_building Barracks |
| 27:42 | darkdudu · first_building Archery Range |
| 28:45 | PSX | King · first_building Barracks |
| 28:49 | Icomemostlyinpeace · age_up imperial |
| 29:13 | darkdudu · wall_segment Stone Wall x1 |
| 29:14 | darkdudu · wall_segment Stone Wall x1 |
| 29:47 | Maji · first_building Castle |
| 30:01 | PSX | King · first_building Stable |
| 30:03 | PSX | King · age_up imperial |
| 30:35 | CTM | Benja FC · wall_segment Stone Wall x9 |
| 30:44 | darkdudu · first_building Stable |
| 30:49 | CTM | Franco* · first_building Castle |
| 30:50 | darkdudu · wall_segment Stone Wall x1 |
| 30:53 | darkdudu · wall_segment Stone Wall x6 |
| 30:55 | darkdudu · wall_segment Stone Wall x6 |
| 31:24 | darkdudu · first_building Castle |
| 31:28 | Icomemostlyinpeace · wall_segment Stone Wall x12 |
| 31:31 | Maji · age_up imperial |
| 31:37 | Maji · first_market_sell 100 food |
| 31:47 | PSX | King · tribute_sent a jugador 1 |
| 31:47 | PSX | King · tribute_sent a jugador 2 |
| 31:47 | PSX | King · tribute_sent a jugador 3 |
| 31:47 | PSX | King · tribute_sent a jugador 4 |
| 31:47 | PSX | King · tribute_sent a jugador 5 |
| 31:47 | PSX | King · tribute_sent a jugador 7 |
| 31:47 | PSX | King · tribute_sent a jugador 8 |
| 31:52 | CTM | Benja FC · wall_segment Stone Wall x6 |
| 31:58 | Maji · first_building Siege Workshop |
| 32:08 | CTM | Benja FC · first_building Archery Range |
| 34:27 | CTM | Benja FC · age_up imperial |
| 36:01 | CTM | Franco* · wall_segment Stone Wall x8 |
| 36:05 | PSX | King · first_market_sell 500 wood |
| 36:35 | darkdudu · age_up imperial |
| 36:40 | CTM | Franco* · wall_segment Stone Wall x7 |
| 36:42 | CTM | Franco* · age_up imperial |
| 37:14 | CTM | Franco* · wall_segment Stone Wall x1 |
| 37:19 | CTM | Franco* · wall_segment Stone Wall x3 |
| 37:25 | CTM | Franco* · wall_segment Stone Wall x3 |
| 37:46 | CTM | Franco* · wall_segment Stone Wall x4 |
| 38:26 | PSX | King · tribute_sent a jugador 1 |
| 38:26 | PSX | King · tribute_sent a jugador 2 |
| 38:26 | PSX | King · tribute_sent a jugador 3 |
| 38:26 | PSX | King · tribute_sent a jugador 4 |
| 38:26 | PSX | King · tribute_sent a jugador 5 |
| 38:26 | PSX | King · tribute_sent a jugador 7 |
| 38:26 | PSX | King · tribute_sent a jugador 8 |
| 40:14 | Icomemostlyinpeace · first_building Monastery |
| 40:25 | CTM | Franco* · wall_segment Stone Wall x13 |
| 40:33 | CTM | Benja FC · first_building Stable |
| 42:38 | CTM | Franco* · first_market_sell 500 wood |
| 46:46 | CTM | Franco* · first_building Barracks |
[ AI ANALYSIS · 1 CREDIT ]
What really happened in this match?
Wolo.gg analyzes every decision: build order, eco, micro, common mistakes by bracket. Personalized analysis on WhatsApp or Discord in 30 seconds.
Civ guide
Persians
Perfil
Jugador #9733677